 Dungeon Crawl Stone Soup version 0.22.0-16-gc6d26f69f9 (webtiles) character file.

1184 IceCat the Charmwright (level 8, 0/64 HPs)
             Began as a Gnoll Skald on Aug 17, 2018.
             Was a Follower of Cheibriados.
             Slain by an orc warrior
             ... wielding a +2 dire flail of protection
              (13 damage)
             ... on level 6 of the Dungeon.
             The game lasted 00:12:11 (4423 turns).

IceCat the Charmwright (Gnoll Skald)                Turns: 4423, Time: 00:12:12

Health: 0/64       AC:  9    Str: 17    XL:     8   Next: 42%
Magic:  11/17      EV: 15    Int: 18    God:    Cheibriados [*.....]
Gold:   317        SH:  0    Dex: 17    Spells: 11/19 levels left

rFire    . . .     SeeInvis .     - Unarmed
rCold    . . .     Gourm    .   (no shield)
rNeg     . . .     Faith    .   l - +1 leather armour {rPois}
rPois    +         Spirit   .   k - +1 helmet
rElec    .         Reflect  .   (no cloak)
rCorr    .         Harm     .   s - +0 pair of gloves
MR       .....                  w - +0 pair of boots
Stlth    ++........             (no amulet)
HPRegen  0.20/turn              E - ring of wizardry
MPRegen  0.15/turn              (no ring)

@: infused, flying, very slow
A: distributed training, fangs 1, strong nose
a: Bend Time, Renounce Religion


You were on level 6 of the Dungeon.
You worshipped Cheibriados.
Cheibriados was aware of your devotion.
You were not hungry.

You visited 2 branches of the dungeon, and saw 7 of its levels.

You collected 317 gold pieces.

Inventory:

Missiles
 i - 2 poisoned tomahawks (quivered)
Armour
 a - a +0 leather armour
 k - a +1 helmet (worn)
 l - a +1 leather armour of poison resistance (worn)
 p - a +2 pair of boots
 s - a +0 pair of gloves (worn)
 w - a +0 pair of boots (worn)
Jewellery
 E - a ring of wizardry (left hand)
Wands
 m - a wand of digging (20)
Scrolls
 b - 3 scrolls of teleportation {unknown}
 f - 3 scrolls of fog {unknown}
 j - 5 scrolls of fear {unknown}
 o - 3 scrolls of enchant armour {unknown}
 q - 7 scrolls of identify {unknown}
 t - a scroll of immolation {unknown}
 u - a scroll of enchant weapon {unknown}
 y - a scroll of noise {unknown}
 z - a scroll of remove curse {unknown}
 A - a scroll of random uselessness {unknown}
 B - 3 scrolls of blinking {unknown}
Potions
 d - a potion of heal wounds {unknown}
 e - a potion of agility {unknown}
 g - 2 potions of curing
 h - a potion of invisibility {unknown}
 n - 2 potions of flight
 r - a potion of might {unknown}
 v - a potion of degeneration {unknown}
 x - a potion of berserk rage {unknown}
 C - a potion of brilliance {unknown}
 F - a potion of lignification {unknown}
Comestibles
 c - 13 rations
 D - 5 chunks of flesh


   Skills:
 + Level 5.6 Fighting
 + Level 3.2 Short Blades
 + Level 3.2 Long Blades
 + Level 3.2 Axes
 + Level 3.2 Maces & Flails
 + Level 3.2 Polearms
 + Level 3.2 Staves
 + Level 3.2 Slings
 + Level 3.2 Bows
 + Level 3.2 Crossbows
 + Level 3.2 Throwing
 + Level 4.1 Armour
 + Level 5.6 Dodging
 + Level 3.2 Stealth
 + Level 3.2 Shields
 + Level 5.6 Unarmed Combat
 + Level 6.0 Spellcasting
 + Level 2.6 Conjurations
 + Level 2.6 Hexes
 + Level 6.1 Charms
 + Level 2.6 Summonings
 + Level 2.6 Necromancy
 + Level 2.6 Translocations
 + Level 2.6 Transmutations
 + Level 2.6 Fire Magic
 + Level 2.6 Ice Magic
 + Level 2.6 Air Magic
 + Level 2.6 Earth Magic
 + Level 2.6 Poison Magic
 + Level 3.5 Invocations
 + Level 3.2 Evocations


You had 11 spell levels left.
You knew the following spells:

 Your Spells              Type           Power        Failure   Level  Hunger
a - Infusion              Chrm           ####         1%          1    None
b - Song of Slaying       Chrm           ####....     1%          2    None
c - Shroud of Golubria    Chrm/Tloc      ###.......   1%          2    None
d - Regeneration          Chrm/Necr      ###.......   2%          3    ##.....

Your spell library contained the following spells:

 Spells                   Type           Power        Failure   Level  Hunger
 Summon Horrible Things   Summ           ##........   100%        8    #######
 Summon Greater Demon     Summ           ##........   100%        7    #######
 Monstrous Menagerie      Summ           ##........   100%        7    #######
 Malign Gateway           Summ/Tloc      ##........   100%        7    #######
 Spectral Weapon          Hex/Chrm       ###.....     2%          3    ##.....


Dungeon Overview and Level Annotations

Branches:
Dungeon (6/15)             Temple (1/1) D:5

Altars:
Ashenzari
Cheibriados
Dithmenos
Elyvilon
Fedhas
Gozag
Hepliaklqana
Kikubaaqudgha
Makhleb
Nemelex Xobeh
Okawaru
Ru
Sif Muna
Trog
Uskayaw
Vehumet
Wu Jian
Xom
Yredelemnul
The Shining One


Innate Abilities, Weirdness & Mutations

Your experience applies equally to all skills.
You have very sharp teeth.
Your uncanny sense of smell can sniff out nearby items.


Message History

The orc warrior hits you with a dire flail of protection.
Your shroud falls apart!
You barely miss the orc warrior.
The orc warrior is severely wounded.
The orc warrior hits you with a dire flail of protection.
You closely miss the orc warrior.
The orc warrior is severely wounded.
The crimson imp blinks!
The orc warrior hits you with a dire flail of protection!
* * * LOW HITPOINT WARNING * * *
You barely miss the orc warrior.
The orc warrior is severely wounded.
The orc warrior hits you with a dire flail of protection!
* * * LOW HITPOINT WARNING * * *
It was a potion of flight.
You feel very buoyant.
You fly up into the air.
It was a potion of curing.
You feel better.
The orc warrior hits you with a dire flail of protection!
You die...

#..P♣ ♣P.P♣ ♣.
#..P♣♣♣P..♣♣♣.
#....P.P......
#.............
#..PP..P.....(
#...♣♣♣..P♣♣♣. #..P♣
♣.)P♣ ♣.
############...♣♣♣.†P♣♣♣.
#.....oo@......PPPP..P..P
#...5..######............
#.....(# #.PPP.P.P..P.
#.....o)...##..♣♣♣..P♣♣♣P
#..........##..♣ ♣..P♣ ♣P
#.....o....##.P♣♣♣P..♣♣♣.
#..........# .......P....
######.5...# ............
∆ .<....# ....P....P.P


You could see an orc warrior, a crimson imp and an orc.

Vanquished Creatures
  A sky beast (D:5)
  2 ogres
  3 centaurs
  Blork the orc (D:5)
  A scorpion (D:4)
  A crimson imp (D:6)
  3 orc wizards
  Jessica (D:2)
  3 iguanas
  Terence (D:2)
  5 worker ants
  A hound skeleton (D:5)
  9 adders
  A shadow imp (D:5)
  An adder skeleton (D:4)
  A worm (D:3)
  2 dart slugs (D:1)
  10 orcs
  3 giant cockroaches
  7 goblins
  11 hobgoblins
  2 jackals (D:4)
  A ball python (D:1)
  15 bats
  8 frilled lizards
  15 kobolds
  A leopard gecko skeleton (D:5)
  9 rats
119 creatures vanquished.

Notes
Turn   | Place    | Note
-------+----------+-------------------------------------------
     0 | D:1      | IceCat the Gnoll Skald began the quest for the Orb.
     0 | D:1      | Reached XP level 1. HP: 20/20 MP: 6/6
    99 | D:1      | Reached XP level 2. HP: 6/26 MP: 7/7
   544 | D:1      | Reached XP level 3. HP: 30/31 MP: 6/9
   547 | D:1      | Reached skill level 5 in Spellcasting
  1008 | D:2      | Reached skill level 1 in Invocations
  1079 | D:2      | Found a blossoming altar of Fedhas.
  1277 | D:2      | Noticed Terence
  1283 | D:2      | Learned a level 2 spell: Song of Slaying
  1286 | D:2      | Learned a level 2 spell: Shroud of Golubria
  1290 | D:2      | Learned a level 3 spell: Regeneration
  1314 | D:2      | Killed Terence
  1314 | D:2      | Reached skill level 1 in Short Blades
  1314 | D:2      | Reached skill level 1 in Long Blades
  1314 | D:2      | Reached skill level 1 in Axes
  1314 | D:2      | Reached skill level 1 in Maces & Flails
  1314 | D:2      | Reached skill level 1 in Polearms
  1314 | D:2      | Reached skill level 1 in Staves
  1314 | D:2      | Reached skill level 1 in Slings
  1314 | D:2      | Reached skill level 1 in Bows
  1314 | D:2      | Reached skill level 1 in Crossbows
  1314 | D:2      | Reached skill level 1 in Throwing
  1314 | D:2      | Reached skill level 1 in Stealth
  1314 | D:2      | Reached skill level 1 in Shields
  1314 | D:2      | Reached skill level 1 in Evocations
  1314 | D:2      | Reached XP level 4. HP: 14/38 MP: 2/11
  1454 | D:2      | Found a faded altar of an unknown god.
  1598 | D:2      | Noticed Jessica
  1608 | D:2      | Killed Jessica
  1608 | D:2      | Reached skill level 1 in Conjurations
  1608 | D:2      | Reached skill level 1 in Hexes
  1608 | D:2      | Reached skill level 1 in Summonings
  1608 | D:2      | Reached skill level 1 in Necromancy
  1608 | D:2      | Reached skill level 1 in Translocations
  1608 | D:2      | Reached skill level 1 in Transmutations
  1608 | D:2      | Reached skill level 1 in Fire Magic
  1608 | D:2      | Reached skill level 1 in Ice Magic
  1608 | D:2      | Reached skill level 1 in Air Magic
  1608 | D:2      | Reached skill level 1 in Earth Magic
  1608 | D:2      | Reached skill level 1 in Poison Magic
  1867 | D:3      | Reached XP level 5. HP: 32/43 MP: 12/12
  2357 | D:3      | Found a basalt altar of Yredelemnul.
  2811 | D:4      | Reached XP level 6. HP: 41/50 MP: 13/13
  2859 | D:4      | Found a white marble altar of Elyvilon.
  2862 | D:4      | Found a hide-covered altar of Uskayaw.
  2864 | D:4      | Found an opulent altar of Gozag.
  2864 | D:4      | Found a radiant altar of Vehumet.
  3025 | D:4      | Reached skill level 5 in Fighting
  3025 | D:4      | Reached skill level 5 in Dodging
  3025 | D:4      | Reached skill level 5 in Unarmed Combat
  3230 | D:4      | You fall through a shaft!
  3230 | D:5      | Entered Level 5 of the Dungeon
  3330 | D:5      | Found a staircase to the Ecumenical Temple.
  3332 | D:5      | Noticed a sky beast
  3337 | D:5      | Noticed Blork the orc
  3339 | Temple   | Entered the Ecumenical Temple
  3397 | Temple   | Became a worshipper of Cheibriados the Contemplative
  3456 | D:5      | Killed a sky beast
  3456 | D:5      | Reached XP level 7. HP: 25/56 MP: 5/15
  3645 | D:5      | Killed Blork the orc
  4141 | D:6      | Reached XP level 8. HP: 62/63 MP: 16/16
  4397 | D:6      | Reached * piety under Cheibriados
  4421 | D:6      | HP: 3/64 [orc warrior/dire flail of protection (7)]
  4423 | D:6      | Slain by an orc warrior

Skill      XL: |  1  2  3  4  5  6  7  8 |
---------------+-------------------------+-----
Spellcasting   | 5 6 |  6.0
Invocations    | 1 2 3 |  3.5
Short Blades   | 1 2 3 |  3.2
Long Blades    | 1 2 3 |  3.2
Axes           | 1 2 3 |  3.2
Maces & Flails | 1 2 3 |  3.2
Polearms       | 1 2 3 |  3.2
Staves         | 1 2 3 |  3.2
Slings         | 1 2 3 |  3.2
Bows           | 1 2 3 |  3.2
Crossbows      | 1 2 3 |  3.2
Throwing       | 1 2 3 |  3.2
Stealth        | 1 2 3 |  3.2
Shields        | 1 2 3 |  3.2
Evocations     | 1 2 3 |  3.2
Conjurations   | 1 2 |  2.6
Hexes          | 1 2 |  2.6
Summonings     | 1 2 |  2.6
Necromancy     | 1 2 |  2.6
Translocations | 1 2 |  2.6
Transmutations | 1 2 |  2.6
Fire Magic     | 1 2 |  2.6
Ice Magic      | 1 2 |  2.6
Air Magic      | 1 2 |  2.6
Earth Magic    | 1 2 |  2.6
Poison Magic   | 1 2 |  2.6
Armour         | 3 4 |  4.1
Fighting       | 5 |  5.6
Dodging        | 5 |  5.6
Unarmed Combat | 5 |  5.6
Charms         | 6 |  6.1

Action                   |  1- 3 |  4- 6 |  7- 9 || total
-------------------------+-------+-------+-------++-------
Melee: Unarmed           |   132 |   251 |   138 ||   521
       Bite              |     8 |    29 |    14 ||    51
       Punch             |     3 |     3 |     3 ||     9
 Cast: Infusion          |     4 |     5 |     4 ||    13
       Shroud of Golubri |     1 |    12 |     9 ||    22
       Regeneration      |       |     3 |     3 ||     6
  Use: Potion            |       |       |     2 ||     2
 Stab: Sleeping          |     3 |     1 |       ||     4
  Eat: Chunk             |     1 |     8 |     4 ||    13
Armor: Leather armour    |    36 |    79 |    42 ||   157
Dodge: Dodged            |   110 |   191 |    96 ||   397
